 Dungeon Crawl Stone Soup version 0.28-a0-948-gee6e0bcda6 (webtiles) character file.

Game seed: 16108772826158463489

501 Agamemnon the Cudgeller (level 6, -1/52 (53) HPs)
             Began as a Draconian Berserker on Nov 30, 2021.
             Was a Priest of Trog.
             Slain by a wight (2 damage)
             ... on level 4 of the Dungeon.
             The game lasted 00:14:53 (3401 turns).

Agamemnon the Cudgeller (Draconian Berserker)       Turns: 3401, Time: 00:14:54

HP:   -1/52 (53)    AC:  7    Str: 21    XL:     6   Next: 95%
MP:   6/6           EV: 12    Int: 14    God:    Trog [***...]
Gold: 148           SH:  0    Dex: 10    Spells: 5/5 levels left

rFire   . . .      SeeInvis .   g - +2 flail (protect)
rCold   . . .      Faith    .   (no shield)
rNeg    . . .      Spirit   .   (armour unavailable)
rPois   .          Reflect  .   (helmet restricted)
rElec   .          Harm     .   x - +0 cloak
rCorr   +          Rampage  .   (no gloves)
Will    .....                   (no boots)
Stlth   ++........              (no amulet)
HPRegen 0.17/turn               s - ring of resist corrosion
MPRegen 0.10/turn               i - +6 ring of intelligence

@: lightly drained
A: AC +6, unfitting armour, cold-blooded
a: Renounce Religion, Berserk, Trog's Hand


You were on level 4 of the Dungeon.
You worshipped Trog.
Trog was most pleased with you.
You visited 1 branch of the dungeon, and saw 5 of its levels.

You collected 148 gold pieces.

Inventory:

Hand Weapons
 a - a +0 spear
 e - a +0 whip
 g - a +2 flail of protection (weapon)
 q - a +1 hand axe of holy wrath
Armour
 x - a +0 cloak (worn)
Jewellery
 i - a +6 ring of intelligence (right hand)
 s - a ring of resist corrosion (left hand)
Scrolls
 b - 2 scrolls of fear
 c - a scroll of noise {unknown}
 k - a scroll of amnesia {unknown}
 l - a scroll of vulnerability {unknown}
 m - a scroll of immolation {unknown}
 n - a scroll of teleportation {unknown}
 o - a scroll of identify {unknown}
 r - a scroll of holy word {unknown}
 t - a scroll of blinking {unknown}
 v - a scroll of fog {unknown}
 w - a scroll of magic mapping {unknown}
Potions
 d - a potion of invisibility {unknown}
 f - a potion of curing {unknown}
 h - 2 potions of lignification {unknown}
 j - a potion of might {unknown}
 p - a potion of flight {unknown}
 u - 2 potions of haste {unknown}


   Skills:
 + Level 4.3 Fighting
 * Level 5.0 Maces & Flails
 - Level 3.8 Polearms
 + Level 3.7 Dodging
 * Level 1.7 Stealth


You had 5 spell levels left.
You didn't know any spells.
Your spell library was empty.

Dungeon Overview and Level Annotations

Branches:
Dungeon (5/15)
 Temple: D:4-7

Altars:
Cheibriados
Trog


Innate Abilities, Weirdness & Mutations

Your plain brown scales are hard. (AC +6)
You cannot fit into any form of body armour.
You are cold-blooded and may be slowed by cold attacks.


Message History

The wight hits you but does no damage.
You hit the wight but do no damage.
Your tail-slap misses the wight.
The wight is almost destroyed.
You feel yourself speed up. The wight closely misses you.
The wight hits you but does no damage.
You hit the wight.
You destroy the wight!
Trog accepts your kill. The wight misses you.
You hit the wight but do no damage. The wight hits you but does no damage.
You barely miss the wight. The wight closely misses you.
You barely miss the wight.
The wight hits you with a +3 war axe of freezing!
The wight freezes you. The wight barely misses you.
You sock the wight!
The wight is severely damaged.
The wight barely misses you.
You closely miss the wight.
Your tail-slap misses the wight.
The wight is severely damaged.
The wight closely misses you.
You hit the wight.
The wight is severely damaged.
The wight hits you with a +3 war axe of freezing!
* * * LOW HITPOINT WARNING * * *
You feel drained. The wight freezes you.
* * * LOW HITPOINT WARNING * * *
You thump the wight!
You destroy the wight!
Trog accepts your kill.
Your Maces & Flails skill increases to level 5!
Things that are here:
a +0 great sword; a +0 robe You see here 6 gold pieces.
You closely miss the wight.
Your tail-slap misses the wight.
The wight hits you with a +0 falchion!
* * * LOW HITPOINT WARNING * * *
As you read the scroll labelled ESEUNO CIEGIHO, it crumbles to dust.
You assume a fearsome visage.
The wight is unaffected. x2
It was a scroll of fear.
The wight hits you with a +0 falchion.
You die...

#.. ..... #.≈≈
#.≈. #.≈.
#.###########
##.≈.
......).)...####
#..≈.
#.######z.|.....#
#..≈. #z##.###.#
#..≈. #@# # #.#
#..≈. .######.##
##.#####..≈≈
.........#
...........
#######..#
#.#####....
#..#####.######...
#........>).......
#.######.########.
#.<......########.
####.#............


You could see 2 wights.

Vanquished Creatures
  Blork the orc (D:4)
  A scorpion (D:4)
  2 wights (D:4)
  A hound (D:4)
  An iguana (D:4)
  Natasha (thrice) (D:2)
  A hound skeleton (D:3)
  4 gnolls
  3 adders
  2 worms
  2 dart slugs
  11 orcs
  3 endoplasms
  5 goblins
  4 hobgoblins
  3 jackals
  A quokka (D:4)
  11 ball pythons
  6 frilled lizards
  6 kobolds
  10 rats
81 creatures vanquished.

Notes
Turn   | Place    | Note
-------+----------+-------------------------------------------
     0 | D:1      | Agamemnon the Draconian Berserker began the quest for the
                  | Orb.
     0 | D:1      | Reached XP level 1. HP: 19/19 MP: 1/1
    84 | D:1      | Reached XP level 2. HP: 14/26 MP: 2/2
   458 | D:1      | Reached XP level 3. HP: 21/31 MP: 3/3
   758 | D:2      | Noticed Natasha
   767 | D:2      | Killed Natasha
   768 | D:2      | Reached skill level 1 in Maces & Flails
  1046 | D:2      | Reached XP level 4. HP: 34/40 MP: 4/4
  1047 | D:2      | Reached ** piety under Trog
  1672 | D:2      | Noticed Natasha
  1678 | D:2      | Killed Natasha
  1679 | D:2      | Reached skill level 2 in Maces & Flails
  1928 | D:2      | Noticed Natasha
  1933 | D:2      | Killed Natasha
  1934 | D:2      | Reached XP level 5. HP: 41/46 MP: 5/5
  2156 | D:3      | Found a faded altar of an unknown god.
  2210 | D:3      | Reached skill level 3 in Maces & Flails
  2717 | D:4      | Noticed Blork the orc
  2727 | D:4      | Killed Blork the orc
  2728 | D:4      | Reached skill level 1 in Stealth
  2739 | D:4      | Reached skill level 4 in Maces & Flails
  2739 | D:4      | Reached XP level 6. HP: 25/52 MP: 6/6
  3012 | D:4      | Found a snail-covered altar of Cheibriados.
  3193 | D:4      | Found a bloodstained altar of Trog.
  3258 | D:4      | Reached *** piety under Trog
  3355 | D:5      | Entered Level 5 of the Dungeon
  3396 | D:4      | Reached skill level 5 in Maces & Flails
  3399 | D:4      | HP: 1/52 [wight (9)]
  3401 | D:4      | Slain by a wight

Illustrated notes

Levels and vault maps discovered:
D:1:      mainiacjoe_arrival_reflecting_pool, layout_rooms, st_stairs_1
D:2:      layout_basic, uniq_natasha
D:3:      kennysheep_big_flooded_room, layout_loops_ring, basic_ecumenical_altar
D:4:      layout_loops_ring, cheibriados_altar_1, mainiacjoe_overflow_brackets,
          uniq_blork_the_orc
D:5:      layout_loops_ring, mainiacjoe_overflow_concentric_impassable,
          chequers_temple_overflow_statue_of_worship

Skill      XL: |  1  2  3  4  5  6 |
---------------+-------------------+-----
Maces & Flails | 1 2 4 5 |  5.0
Dodging        | 3 |  3.7
Fighting       | 4 |  4.3
Stealth        | 1 |  1.7
Polearms       | |  3.8

Action                   |  1- 3 |  4- 6 || total
-------------------------+-------+-------++-------
Melee: Spear             |    43 |       ||    43
       Tailslap          |     9 |    16 ||    25
       Flail             |    48 |   166 ||   214
  Use: Scroll            |       |     1 ||     1
 Stab: Sleeping          |       |     1 ||     1
Armor: Skin              |    31 |    66 ||    97
Dodge: Dodged            |    73 |   120 ||   193

Table legend: (Time is in decaauts)
 A = Elapsed time spent in this place.
 B = Non-inter-level travel time spent in this place.
 C = Inter-level travel time spent in this place.
 D = Time resting spent in this place.
 E = Time spent auto-exploring this place.
 F = Levels seen in this place.
 G = Mean time per level.
                   A        B        C        D        E       F      G
               +--------+--------+--------+--------+--------+-----+--------+
         Total |   3453 |   3387 |     66 |    838 |   1480 |   5 |  690.6 |
       Dungeon |   3453 |   3387 |     66 |    838 |   1480 |   5 |  690.6 |
               +--------+--------+--------+--------+--------+-----+--------+

Top non-repeatable levels by time:
     D:2: 1359 daAuts
     D:4: 714 daAuts
     D:1: 714 daAuts
     D:3: 662 daAuts
     D:5: 1 daAuts
